 Dungeon Crawl Stone Soup version 0.26.1-11-gd32895ea62 (webtiles) character file.

Game seed: 6420017043218231220

792 Revguard the Insei (level 7, -1/52 HPs)
             Began as a Demonspawn Transmuter on May 1, 2021.
             Slain by a gnoll
             ... wielding a +0 spear
              (5 damage)
             ... on level 5 of the Dungeon.
             The game lasted 00:14:57 (4488 turns).

Revguard the Insei (Demonspawn Transmuter)          Turns: 4488, Time: 00:14:58

Health: -1/52      AC:  8    Str:  9 (11) XL:     7   Next: 57%
Magic:  12/12      EV: 11    Int: 13 (16) God:
Gold:   577        SH:  0    Dex: 14 (15) Spells: 1/12 levels left

rFire    + . .     SeeInvis .     - Unarmed
rCold    + . .     Faith    .   (no shield)
rNeg     . . .     Spirit   .   b - +1 ring mail
rPois    +         Reflect  .   (helmet restricted)
rElec    .         Harm     .   (no cloak)
rCorr    .         Rampage  .   k - +0 pair of gloves
Will     .....                  f - +0 pair of boots
Stlth    ++........             c - amulet of magic regeneration
HPRegen  0.17/turn              g - ring of poison resistance
MPRegen  0.38/turn              (no ring)

@: no status effects
A: antennae 1, claws 1, thin skeletal structure 1, cold resistance 1, demonic
guardian 1, fire resistance 1, powered by death 3
a: no special abilities


You were on level 5 of the Dungeon.
You visited 1 branch of the dungeon, and saw 5 of its levels.

You collected 577 gold pieces.

Inventory:

Armour
 b - a +1 ring mail (worn)
 f - a +0 pair of boots (worn)
 k - a +0 pair of gloves (worn)
Jewellery
 c - an amulet of magic regeneration (around neck)
 g - a ring of poison resistance (left hand)
Wands
 p - a wand of random effects (21)
 r - a wand of polymorph (6)
Scrolls
 a - a scroll of magic mapping {unknown}
 d - 2 scrolls of immolation
 i - a scroll of fear
 j - a scroll of enchant armour
Potions
 l - a potion of attraction


   Skills:
 * Level 3.2 Fighting
 + Level 2.2 Armour
 + Level 2.4 Dodging
 + Level 0.4 Stealth
 + Level 4.6 Unarmed Combat
 * Level 3.4 Spellcasting
 * Level 3.4 Transmutations
 * Level 2.7 Poison Magic


You had one spell level left.
You knew the following spells:

 Your Spells              Type           Power        Failure   Level
a - Beastly Appendage     Tmut           22%          14%         1
b - Wereblood             Tmut           11%          22%         2
c - Spider Form           Tmut/Pois      5%           45%         3
d - Blade Hands           Tmut           5%           98%         5

Your spell library contained the following spells:

 Spells                   Type           Power        Failure   Level
 Ice Form                 Ice/Tmut       6%           96%         4


Dungeon Overview and Level Annotations

Branches:
Dungeon (5/15)
 Temple: D:4-7

Altars:
Ashenzari


Innate Abilities, Weirdness & Mutations

You have a pair of small antennae on your head.
You have a somewhat thin skeletal structure. (Dex +2, Stealth)
A weak demonic guardian rushes to your aid.
You regenerate a lot of health from kills.
You have sharp fingernails.
Your flesh is cold resistant. (rC+)
Your flesh is heat resistant. (rF+)


Message History

You hit the gnoll but do no damage.
The gnoll is moderately wounded.
The gnoll hits you but does no damage.
It was a potion of cancellation.
Your magical effects are unravelling.
You feel magically purged.
Your talons disappear.
Your +0 pair of boots unmelds from your body.
The gnoll barely misses you.
You hit the gnoll.
The gnoll is severely wounded.
The gnoll hits you with a +0 spear.
* * * LOW HITPOINT WARNING * * *
You hit the gnoll.
The gnoll is severely wounded.
Okay, then.
You hit the gnoll but do no damage.
The gnoll is severely wounded.
The gnoll hits you with a +0 spear.
You die...

.........#
.........##
..........#
..........# #
..........# #
..........# #..#
.......)g.# #..#
#+####@..# #..#
#....).### #..#
######.# #..# #...#
#######..#
#.#########.....#..#
#..................#
#..########.###.##..
#...########.#
#.####
#............###.#
#<


You could see a gnoll.

Vanquished Creatures
  Menkaure (D:4)
  A necrophage (D:4)
  A howler monkey (D:4)
  2 orc wizards
  2 orc priests
  A hound (D:4)
  4 worker ants
  2 gnolls (D:5)
  A howler monkey skeleton (D:4)
  4 adders
  An ooze (D:3)
  2 worms
  3 dart slugs
  5 leopard geckos
  18 orcs
  3 ball pythons (D:2)
  6 bats
  5 giant cockroaches
  5 goblins
  7 hobgoblins
  2 jackals (D:3)
  4 quokkas
  5 frilled lizards
  A kobold (D:2)
  A leopard gecko skeleton (D:4)
  5 rats
92 creatures vanquished.

Vanquished Creatures (collateral kills)
  Eustachio (D:4)
  A bullfrog (D:4)
  3 orcs (D:4)
5 creatures vanquished.

Grand Total: 97 creatures vanquished

Notes
Turn   | Place    | Note
-------+----------+-------------------------------------------
     0 | D:1      | Revguard the Demonspawn Transmuter began the quest for the
                  | Orb.
     0 | D:1      | Reached XP level 1. HP: 15/15 MP: 3/3
   203 | D:1      | Reached skill level 3 in Unarmed Combat
   207 | D:1      | Gained mutation: A weak demonic guardian rushes to your
                  | aid. [demonic ancestry]
   207 | D:1      | Reached XP level 2. HP: 20/21 MP: 3/5
  1019 | D:2      | Learned a level 2 spell: Wereblood
  1390 | D:2      | Gained mutation: You have a somewhat thin skeletal
                  | structure. (Dex +2, Stealth) [demonic ancestry]
  1390 | D:2      | Reached XP level 3. HP: 25/26 MP: 4/6
  1530 | D:2      | You fall into a shaft and drop 2 floors!
  1546 | D:4      | Learned a level 3 spell: Spider Form
  1604 | D:4      | Noticed a necrophage
  1615 | D:4      | Killed a necrophage
  1616 | D:4      | Gained mutation: You regenerate a little health from kills.
                  | [demonic ancestry]
  1616 | D:4      | Reached XP level 4. HP: 26/32 MP: 7/7
  1763 | D:4      | Reached skill level 1 in Poison Magic
  1982 | D:4      | Reached skill level 1 in Armour
  1989 | D:4      | Gained mutation: You regenerate health from kills. [demonic
                  | ancestry]
  1989 | D:4      | Reached XP level 5. HP: 39/39 MP: 8/8
  1998 | D:4      | Noticed Menkaure
  2014 | D:4      | Killed Menkaure
  2015 | D:4      | Gained mutation: You have a pair of small antennae on your
                  | head. [demonic ancestry]
  2015 | D:4      | Reached XP level 6. HP: 25/46 MP: 10/10
  2129 | D:4      | Learned a level 5 spell: Blade Hands
  2191 | D:4      | Noticed Eustachio
  2221 | D:4      | Killed Eustachio
  2222 | D:4      | Reached skill level 4 in Unarmed Combat
  2643 | D:4      | Gained mutation: You regenerate a lot of health from kills.
                  | [demonic ancestry]
  2643 | D:4      | Reached XP level 7. HP: 39/52 MP: 11/11
  3004 | D:4      | Gained mutation: You have sharp fingernails. [potion of
                  | mutation]
  3004 | D:4      | Gained mutation: Your flesh is cold resistant. (rC+)
                  | [potion of mutation]
  3004 | D:4      | Gained mutation: Your flesh is heat resistant. (rF+)
                  | [potion of mutation]
  3090 | D:5      | Entered Level 5 of the Dungeon
  3303 | D:3      | Found a broken altar of Ashenzari.
  4488 | D:5      | Slain by a gnoll

Illustrated notes

Levels and vault maps discovered:
D:1:      lemuel_arrival_funnel, layout_rooms
D:2:      layout_basic
D:3:      layout_loops_cross, general_overflow_altar
D:4:      minmay_polygon_palace, layout_loops_ring, minmay_pentomino_pile,
          uniq_menkaure, uniq_eustachio
D:5:      layout_basic

Skill      XL: |  1  2  3  4  5  6  7 |
---------------+----------------------+-----
Unarmed Combat | 3 4 |  4.6
Transmutations | 2 3 |  3.4
Dodging        | 2 |  2.4
Poison Magic   | 1 2 |  2.7
Armour         | 1 2 |  2.2
Fighting       | 2 3 |  3.2
Spellcasting   | 3 |  3.4
Stealth        | |  0.4

Action                   |  1- 3 |  4- 6 |  7- 9 || total
-------------------------+-------+-------+-------++-------
Melee: Unarmed           |    77 |   113 |   233 ||   423
       Kick              |    12 |    14 |     8 ||    34
       Headbutt          |     7 |     1 |       ||     8
       Punch             |       |     1 |     4 ||     5
 Cast: Beastly Appendage |    18 |     8 |     2 ||    28
       Spider Form       |       |     1 |       ||     1
  Use: Scroll            |     2 |       |     6 ||     8
       Potion            |     1 |       |     8 ||     9
 Stab: Sleeping          |       |     1 |     2 ||     3
Armor: Robe              |     5 |       |       ||     5
       Ring mail         |    20 |    45 |   130 ||   195
       Skin              |       |    11 |       ||    11
Dodge: Dodged            |    40 |    61 |   151 ||   252
